 Dungeon Crawl Stone Soup version 0.18.1-48-g4cf74bf (webtiles) character file.

774 chinuro the Covered (level 7, -8/61 HPs)
             Began as a Minotaur Fighter on Aug 26, 2016.
             Was a Follower of Qazlal.
             Mangled by an ogre
             ... wielding a +0 giant club
              (18 damage)
             ... on level 4 of the Dungeon on Aug 30, 2016.
             The game lasted 00:16:23 (3502 turns).

chinuro the Covered (Minotaur Fighter)              Turns: 3502, Time: 00:16:24

Health: -8/61      AC:  8    Str: 22    XL:     7   Next: 53%
Magic:  6/6        EV:  4    Int:  5    God:    Qazlal [*.....]
Gold:   192        SH: 12    Dex: 10    Spells: 0 memorised, 6 levels left

rFire  . . .     SeeInvis .     t - +0 flail
rCold  . . .     Gourm    .     b - +1 scale mail
rNeg   . . .     Faith    .     c - +0 shield
rPois  .         Spirit   .     (helmet restricted)
rElec  .         Dismiss  .     (no cloak)
rCorr  .         Reflect  .     (no gloves)
SustAt .         Harm     .     (no boots)
MR     .....                    (no amulet)
Stlth  ..........               (no ring)
                                (no ring)

@: very slightly contaminated, not resistant to hostile enchantments, extremely
unstealthy
A: retaliatory headbutt, horns 2
a: Renounce Religion


You were on level 4 of the Dungeon.
You worshipped Qazlal.
Qazlal was aware of your devotion.
You were not hungry.

You visited 1 branch of the dungeon, and saw 4 of its levels.

You collected 192 gold pieces.

Inventory:

Hand Weapons
 a - a +0 war axe
 t - a +0 flail (weapon)
Armour
 b - a +1 scale mail (worn)
 c - a +0 shield (worn)
 y - a +0 helmet
Jewellery
 o - an uncursed ring of see invisible {unknown}
Wands
 s - a wand of acid (7/15)
 u - a wand of lightning (8/15)
 z - a wand of teleportation (4/9)
Scrolls
 e - 3 scrolls of enchant armour
 j - a scroll of amnesia
 l - a scroll of fog {unknown}
 q - a scroll of blinking
 r - a scroll of teleportation {unknown}
 v - a scroll of remove curse {unknown}
Potions
 d - 2 potions of might
 g - 3 potions of agility
 h - a potion of ambrosia
 k - a potion of curing {unknown}
 m - a potion of mutation {unknown}
 n - a potion of cancellation
 p - a potion of haste {unknown}
 x - a potion of cure mutation {unknown}
Comestibles
 f - 2 bread rations
 i - 2 beef jerkies
 w - a royal jelly
 A - 5 chunks of flesh


   Skills:
 + Level 5.3 Fighting
 + Level 2.8(3.6) Axes
 + Level 3.4(3.9) Maces & Flails
 + Level 6.0 Armour
 + Level 4.0 Dodging
 + Level 0.1 Stealth
 + Level 6.0 Shields


You had 6 spell levels left.
You didn't know any spells.

Dungeon Overview and Level Annotations

Branches:
Dungeon (4/15)
 Temple: D:4-7

Altars:
Fedhas
Qazlal
Vehumet


Innate Abilities, Weirdness & Mutations

You reflexively headbutt those who attack you in melee.
You have a pair of horns on your head.


Message History

The ogre hits you with a giant club.
* * * LOW HITPOINT WARNING * * *
Blink to where?
Press: ? - help, Dir - move target cursor You are very lightly contaminated with residual magic.
As you read the scroll of blinking, it crumbles to dust.
There is an open door here.
Things that are here:
a whip of freezing; a robe
Things that are here:
an animal skin; a human corpse You block the ogre's attack.
The ogre hits you with a giant club!
* * * LOW HITPOINT WARNING * * *
An orc comes into view.
The orc shouts!
You block the ogre's attack.
There is a stone staircase leading up here.
The ogre hits you with a giant club!!
You die...

###################
........§.....#...#
...o...@§.....'...#
.p##....O.§...#...#
#..........#...#
#.............#...#
#.##)..##...###..#####
# #... #.[.#######..##
#... #.........#...#
#... #...).....#...#
#... #...##'####..#


You could see an ogre, an orc and a neutral freed slave (wandering).

Vanquished Creatures
  Pikel (D:4)
  The ghost of juanjsm the Sneak, an amateur SpEn (D:3)
  A hound (D:3)
  An orc wizard (D:3)
  2 iguanas
  3 gnolls (D:3)
  2 adders
  An ooze (D:1)
  2 worms
  3 giant geckos
  4 orcs (D:3)
  A giant cockroach (D:3)
  2 hobgoblins (D:3)
  7 jackals
  A quokka (D:3)
  2 ball pythons (D:2)
  5 bats
  3 giant newts
  11 goblins
  12 kobolds
  7 rats
72 creatures vanquished.

Vanquished Creatures (others)
  A slave (D:4)
  A goblin (D:4)
2 creatures vanquished.

Grand Total: 74 creatures vanquished

Notes
Turn   | Place    | Note
--------------------------------------------------------------
     0 | D:1      | chinuro the Minotaur Fighter began the quest for the Orb.
     0 | D:1      | Reached XP level 1. HP: 19/19 MP: 0/0
   107 | D:1      | Reached XP level 2. HP: 27/27 MP: 1/1
   874 | D:2      | Found a blossoming altar of Fedhas.
   875 | D:2      | Found a stormy altar of Qazlal.
   884 | D:2      | Reached XP level 3. HP: 29/33 MP: 2/2
   934 | D:2      | Became a worshipper of Qazlal Stormbringer
  1447 | D:3      | Reached XP level 4. HP: 26/41 MP: 3/3
  1673 | D:3      | Reached skill level 1 in Dodging
  1837 | D:3      | Noticed juanjsm's ghost (amateur SpEn)
  2305 | D:3      | Reached skill level 1 in Maces & Flails
  2407 | D:3      | Reached * piety under Qazlal
  2407 | D:3      | Reached XP level 5. HP: 32/47 MP: 4/4
  2709 | D:3      | Killed juanjsm's ghost
  2709 | D:3      | Reached skill level 5 in Armour
  2709 | D:3      | Reached skill level 5 in Shields
  3075 | D:3      | Reached XP level 6. HP: 53/53 MP: 5/5
  3247 | D:3      | Found a radiant altar of Vehumet.
  3375 | D:4      | Noticed Pikel
  3375 | D:4      | Noticed a slave
  3375 | D:4      | Noticed a slave
  3375 | D:4      | Noticed a slave
  3375 | D:4      | Noticed a slave
  3380 | D:4      | Killed Pikel
  3380 | D:4      | Reached skill level 5 in Fighting
  3380 | D:4      | Reached XP level 7. HP: 61/61 MP: 6/6
  3502 | D:4      | Mangled by an ogre

Skill      XL: |  1  2  3  4  5  6 |
---------------+-------------------+-----
Fighting       | 4 5 |  5.3
Armour         | 4 5 6 |  6.0
Shields        | 4 5 6 |  6.0
Dodging        | 1 2 4 |  4.0
Maces & Flails | 1 2 3 |  3.4
Axes           | |  2.8
Stealth        | |  0.1

Action                   |  1- 3 |  4- 6 |  7- 9 || total
-------------------------+-------+-------+-------++-------
Melee: War axe           |    52 |       |       ||    52
       Headbutt          |    16 |    14 |     2 ||    32
       Flail             |    52 |   127 |    19 ||   198
  Use: Scroll            |     3 |       |     1 ||     4
       Potion            |       |     5 |       ||     5
  Eat: Chunk             |     2 |       |       ||     2
       Meat ration       |       |     1 |       ||     1
       Bread ration      |       |     1 |       ||     1
Armor: Scale mail        |    65 |    58 |     4 ||   127
Dodge: Dodged            |    30 |    47 |     6 ||    83
Block: Shield            |    55 |    77 |    15 ||   147
